 Dungeon Sprint DCSS version 0.28.0-45-g0d030f2227 (webtiles) character file.

Game seed: 8951602060980359679

3313 protoss039 the Fighter (level 9, -2/87 HPs)
             Began as a Demonspawn Earth Elementalist on May 15, 2022.
             Was a High Priest of Vehumet.
             Succumbed to a +1 long sword of venom's poison
             ... in the Dungeon (Sprint V: "Ziggurat Sprint").
             The game lasted 00:13:29 (559 turns).

protoss039 the Fighter (DsEE)                        Turns: 559, Time: 00:13:30

Health: -2/87      AC: 19    Str: 14    XL:     9   Next: 70%
Magic:  18/18      EV: 11    Int: 27    God:    Vehumet [*****.]
Gold:   0          SH: 14    Dex: 14    Spells: 16/20 levels left

rFire   + + +      SeeInvis .   E - +8 lance "Wyrmbane" {slay drac, rPois rF+ rC+ AC+3}
rCold   . . .      Faith    .   B - +3 buckler
rNeg    . . .      Spirit   .   J - +5 fire dragon scales
rPois   +          Reflect  .   (no helmet)
rElec   .          Harm     .   (no cloak)
rCorr   .          Rampage  .   (no gloves)
Will    .....      NoTele   +   (no boots)
Stlth   ..........              (no amulet)
HPRegen 0.24/turn               v - +6 ring of intelligence
MPRegen 0.16/turn               x - +6 ring of strength

@: mighty, lethally poisoned (-2 -> -48)
A: hooves 1, repulsion field 1, demonic guardian 1, condensation shield
a: Renounce Religion


You were in the Dungeon.
You worshipped Vehumet.
Vehumet was extremely pleased with you.
You visited 1 branch

Inventory:

Hand Weapons
 E - the +8 lance "Wyrmbane" (weapon) {slay drac, rPois rF+ rC+ AC+3}
   (You found it in the Dungeon)

   It inflicts extra damage against dragons and draconians.
   AC:        It affects your AC (+3).
   rF:        It protects you from fire.
   rC:        It protects you from cold.
   rPois:     It protects you from poison.
 F - a +1 demon blade of flaming
Missiles
 i - 26 stones
Armour
 b - a +0 robe
 B - a +3 buckler (worn)
 G - the +18 shield of the Gong {rElec rN+ Will+ EV-5}
   (You found it in the Dungeon)

   It is deafeningly noisy when blocking attacks.
   EV:        It affects your evasion (-5).
   rElec:     It insulates you from electricity.
   rN:        It protects you from negative energy.
   Will:      It increases your willpower.
 H - a +3 kite shield
 I - a +3 tower shield
 J - +5 fire dragon scales (worn)
 K - +5 ice dragon scales
Jewellery
 r - a ring of flight
 s - a +6 ring of dexterity
 t - a +6 ring of dexterity
 u - a +6 ring of intelligence
 v - a +6 ring of intelligence (left hand)
 w - a +6 ring of strength
 x - a +6 ring of strength (right hand)
 M - a +4 ring of protection
 N - the ring "Qely" {MP+9 Dex+6}
   (You found it in the Dungeon)

   [ring of magical power]

   Dex:       It affects your dexterity (+6).
   MP:        It affects your magic capacity (+9).
Wands
 y - a wand of mindburst (7)
 z - a wand of iceblast (4)
 A - a wand of acid (6)
Scrolls
 h - 3 scrolls of blinking
 n - 4 scrolls of amnesia
 o - 7 scrolls of fog
 p - 5 scrolls of identify
 q - 2 scrolls of fear
Potions
 a - 2 potions of brilliance
 c - 9 potions of curing
 d - 7 potions of heal wounds
 e - 6 potions of haste
 f - 7 potions of magic
 g - 3 potions of berserk rage
 j - 2 potions of invisibility
 k - 4 potions of resistance
 l - a potion of experience
 m - 5 potions of might
Miscellaneous
 C - a lightning rod (4/4)
 L - a condenser vane


   Skills:
 * Level 14.3 Fighting
 - Level 9.0 Armour
 - Level 1.7 Dodging
 - Level 1.7 Stealth
 * Level 10.7 Shields
 - Level 6.0 Spellcasting
 - Level 3.0 Conjurations
 - Level 1.0 Transmutations
 + Level 5.9 Earth Magic


You had 16 spell levels left.
You knew the following spells:

 Your Spells              Type           Power      Damage    Failure   Level
a - Sandblast             Erth           80%        2d17      1%          1
c - Stone Arrow           Conj/Erth      64%        3d11      4%          3

Your spell library contained the following spells:

 Spells                   Type           Power      Damage    Failure   Level
 Shock                    Conj/Air       64%        1d7       5%          1
 Passwall                 Tmut/Erth      21%        N/A       12%         2
 Petrify                  Tmut/Erth      26%        N/A       63%         4


Dungeon Overview and Level Annotations

Branches:
Dungeon (1/1)

Altars:
Ashenzari
Cheibriados
Dithmenos
Elyvilon
Fedhas
Gozag
Hepliaklqana
Kikubaaqudgha
Makhleb
Nemelex Xobeh
Okawaru
Qazlal
Ru
Sif Muna
Trog
Uskayaw
Vehumet
Wu Jian
Xom
Yredelemnul
Zin
The Shining One
Beogh
Jiyva
Lugonu

Annotations:
D 1 transporter


Innate Abilities, Weirdness & Mutations

You have large cloven feet.
You are surrounded by a mild repulsion field. (EV +2)
A weak demonic guardian rushes to your aid.
A meltable shield of frost defends you. (SH +4)


Message History

Unknown command.
Unknown command.
Unknown command.
You feel better. The +1 long sword of venom hits you.
You are poisoned.
The +2 glaive of venom hits you from afar!!
* * * LOW HITPOINT WARNING * * *
A demonic guardian appears!
You are lethally poisoned!
Your quasit misses the +2 halberd of venom.
Your quasit closely misses the +2 halberd of venom.
Your quasit completely misses the +2 halberd of venom.
The +2 halberd of venom hits you but does no damage.
You block the +1 long sword of venom's attack.
Unknown command.
Unknown command.
Unknown command.
Okay, then.
Press: ? - help, v - describe, . - travel
Here: a +2 glaive of venom The floor.
You feel much better.
* * * LOW HITPOINT WARNING * * *
You feel extremely sick.
Your quasit closely misses the +2 halberd of venom. x2
Your quasit misses the +2 halberd of venom.
You block the +2 glaive of venom's attack.
The +2 halberd of venom hits you from afar!
* * * LOW HITPOINT WARNING * * *
A demonic guardian appears!
The +1 long sword of venom hits you.
* * * LOW HITPOINT WARNING * * *
You are more poisoned.
Your quasit misses the +1 long sword of venom. x2
Your quasit barely misses the +1 long sword of venom.
Unknown command.
Blink to where?
Press: ? - help, Dir - move target, p - +1 long sword of venom
Found a transporter.
As you read the scroll of blinking, it crumbles to dust.
You die...

▓..[[[...▓..)|....▓
▓........▓..|=[...▓
▓........▓........▓
▓........▓...†....▓
▓.▓....▓.▓.▓....▓.▓
▓...©....▓...©....▓
▓▓▓▓▓▓▓▓▓▓▓▓▓▓▓▓▓▓▓
▓..8©8..▓ ▓@§☼§§..▓
▓.○§§§☼○▓ ▓.☼☼§§§§▓
▓..§§§§§▓ ▓.......▓
▓.5.((..▓ ▓.▓5(5▓.▓
▓...§...▓ ▓▓▓▓▓▓▓▓▓


You could see 3 dancing weapons and 3 friendly quasits.

Vanquished Creatures
  A deep elf archer (D)
  A deep elf pyromancer (D)
  A deep elf zephyrmancer (D)
  2 ugly things (D)
  2 jumping spiders (D)
  A fire bat (shapeshifter) (D)
  An acid dragon (shapeshifter) (D)
  A water moccasin (D)
  3 hell hounds (D)
  A black bear (shapeshifter) (D)
  A scorpion (D)
  A crimson imp (D)
  An adder (D)
  A shadow imp (D)
  2 bat zombies (D)
  A ball python zombie (D)
21 creatures vanquished.

Notes
Turn   | Place    | Note
-------+----------+-------------------------------------------
     0 | D        | protoss039 the Demonspawn Earth Elementalist began the
                  | quest for the Orb.
     0 | D        | Reached XP level 1. HP: 13/13 MP: 3/3
     0 | D        | Found a shimmering blue altar of Sif Muna.
     0 | D        | Found a sacrificial altar of Ru.
     0 | D        | Found a bloodstained altar of Trog.
     0 | D        | Found a stormy altar of Qazlal.
     0 | D        | Found an iron altar of Okawaru.
     0 | D        | Found a sparkling altar of Nemelex Xobeh.
     0 | D        | Found a blossoming altar of Fedhas.
     0 | D        | Found the +6 Majin-Bo {vamp, MP+6 Int+6}
     0 | D        | Found the +9 heavy crossbow "Sniper" {vorpal, Acc+∞ SInv}
     0 | D        | Found the +10 dark maul {vorpal}
     0 | D        | Found the +15 Maxwell's patent armour {-Cast -Tele rElec
                  | Will+ rCorr}
     0 | D        | Found the +18 shield of the Gong {rElec rN+ Will+ EV-5}
     0 | D        | Found the +14 obsidian axe {vorpal, Mesm Drain Fly SInv}
     0 | D        | Found the +7 great mace "Firestarter" {inner flame, rF++}
     0 | D        | Found the +6 shillelagh "Devastator" {shatter}
     0 | D        | Found the +11 plutonium sword {Contam Stlth-}
     0 | D        | Found the +8 lance "Wyrmbane" {slay drac, rPois rF+ rC+
                  | AC+3}
     0 | D        | Found the +9 sword of Zonguldrok {reap}
     0 | D        | Found the +13 scythe of Curses {drain, Drain}
     0 | D        | Found the +5 sword of Power {vorpal}
     0 | D        | Found the +7 mace of Variability {chain chaos}
     0 | D        | Found the +7 Singing Sword {vorpal, sonic wave}
     0 | D        | Found the +8 storm bow {elec, penet}
     2 | D        | Found a transporter.
     2 | D        | Found an ancient bone altar of Kikubaaqudgha.
     2 | D        | Found a viscous altar of Jiyva.
     2 | D        | Found a corrupted altar of Lugonu.
     2 | D        | Found a hazy altar of Hepliaklqana.
     2 | D        | Found a burning altar of Makhleb.
     2 | D        | Found an opulent altar of Gozag.
    46 | D        | Became a worshipper of Vehumet
   179 | D        | Entered arena 2.
   179 | D        | Found the +12 glaive of Prune {vorpal}
   179 | D        | Noticed a water moccasin
   179 | D        | Found a transporter.
   188 | D        | Killed a water moccasin
   189 | D        | Reached skill level 8 in Fighting
   189 | D        | Reached skill level 1 in Transmutations
   189 | D        | Gained mutation: You are surrounded by a mild repulsion
                  | field. (EV +2) [demonic ancestry]
   189 | D        | Reached XP level 2. HP: 26/33 MP: 3/6
   189 | D        | Gained mutation: A meltable shield of frost defends you.
                  | (SH +4) [demonic ancestry]
   189 | D        | Reached XP level 3. HP: 30/38 MP: 3/7
   189 | D        | Reached XP level 4. HP: 36/45 MP: 3/8
   250 | D        | Entered arena 3.
   250 | D        | Noticed a jumping spider
   250 | D        | Noticed a scorpion
   250 | D        | Noticed a jumping spider
   250 | D        | Found a transporter.
   252 | D        | Killed a jumping spider
   252 | D        | Reached * piety under Vehumet
   252 | D        | Offered knowledge of Freeze by Vehumet.
   252 | D        | Killed a scorpion
   253 | D        | Reached skill level 10 in Fighting
   253 | D        | Reached skill level 5 in Shields
   253 | D        | Reached XP level 5. HP: 43/54 MP: 8/11
   253 | D        | Reached XP level 6. HP: 49/61 MP: 8/12
   256 | D        | Killed a jumping spider
   257 | D        | Reached skill level 11 in Fighting
   257 | D        | Reached skill level 5 in Spellcasting
   311 | D        | Entered arena 4.
   311 | D        | Noticed a hell hound
   311 | D        | Found a transporter.
   317 | D        | Killed a hell hound
   317 | D        | Reached ** piety under Vehumet
   318 | D        | Gained mutation: A weak demonic guardian rushes to your
                  | aid. [demonic ancestry]
   318 | D        | Reached XP level 7. HP: 47/68 MP: 12/15
   328 | D        | Reached *** piety under Vehumet
   347 | D        | Learned a level 3 spell: Stone Arrow
   478 | D        | Entered arena 5.
   478 | D        | Found a transporter.
   480 | D        | Offered knowledge of Shock by Vehumet.
   483 | D        | Reached **** piety under Vehumet
   484 | D        | Reached skill level 12 in Fighting
   484 | D        | Reached skill level 5 in Armour
   488 | D        | Got the ring "Qely" {MP+9 Dex+6}
   494 | D        | Entered arena 6.
   494 | D        | Noticed a white ugly thing
   494 | D        | Noticed a purple ugly thing
   494 | D        | Noticed a fire bat
   494 | D        | Found a transporter.
   496 | D        | Killed a fire bat
   497 | D        | Reached skill level 1 in Conjurations
   502 | D        | Killed a white ugly thing
   503 | D        | Reached XP level 8. HP: 78/78 MP: 13/17
   511 | D        | Killed a white ugly thing
   511 | D        | Reached ***** piety under Vehumet
   512 | D        | Reached skill level 13 in Fighting
   551 | D        | Entered arena 7.
   551 | D        | Noticed a deep elf pyromancer
   551 | D        | Noticed a +2 glaive of venom
   551 | D        | Noticed a +2 halberd of venom
   551 | D        | Noticed a deep elf archer
   551 | D        | Noticed a deep elf zephyrmancer
   551 | D        | Noticed a +1 long sword of venom
   554 | D        | Killed a deep elf pyromancer
   554 | D        | Killed a deep elf zephyrmancer
   555 | D        | Reached skill level 14 in Fighting
   555 | D        | Reached skill level 10 in Shields
   555 | D        | Reached skill level 5 in Earth Magic
   555 | D        | Gained mutation: You have large cloven feet. [demonic
                  | ancestry]
   555 | D        | Reached XP level 9. HP: 48/87 MP: 18/18
   555 | D        | Killed a deep elf archer
   559 | D        | Found a transporter.
   559 | D        | Succumbed to a +1 long sword of venom's poison

Illustrated notes

Levels and vault maps discovered:
D:        sprint_v [room_start, room_1, room_2, room_3, room_4, room_5, room_6,
          room_7, room_8, room_9, room_10, room_11, room_12, room_13, room_14,
          room_15, room_16, room_17, room_18, room_19, room_20, room_21,
          room_22, room_23, room_24, room_25, room_26, room_27]

Skill      XL: |  1  2  3  4  5  6  7  8  9 |
---------------+----------------------------+-----
Fighting       | 8 10 11 12 14 | 14.3
Spellcasting   | 3 4 5 6 |  6.0
Transmutations | 1 |  1.0
Earth Magic    | 3 5 |  5.9
Armour         | 3 4 6 8 9 |  9.0
Shields        | 5 6 8 10 | 10.7
Conjurations   | 2 3 |  3.0
Dodging        | |  1.7
Stealth        | |  1.7

Action                   |  1- 3 |  4- 6 |  7- 9 || total
-------------------------+-------+-------+-------++-------
Melee: Lance             |     7 |     9 |    26 ||    42
 Cast: Sandblast         |       |     1 |     3 ||     4
       Stone Arrow       |       |       |     2 ||     2
Evoke: Wand              |       |     2 |     2 ||     4
       Condenser vane    |       |       |     2 ||     2
       Lightning rod     |       |       |     1 ||     1
  Use: Potion            |     1 |       |     4 ||     5
       Scroll            |       |       |     1 ||     1
 Stab: Confused          |       |       |     1 ||     1
Armor: Fire dragon scale |     7 |     8 |    26 ||    41
Dodge: Dodged            |     9 |     6 |    23 ||    38
Block: Buckler           |     3 |     4 |    21 ||    28
